 Dungeon Crawl Stone Soup version 0.25-a0-425-g0e000e855e (webtiles) character file.

Game seed: 16209743587802053670, levelgen mode: deterministic

6 ReteAZ the Firebug (level 2, 0/19 HPs)
             Began as a Human Fire Elementalist on Jan 24, 2020.
             Hit by a goblin thrown by Robin (1 damage)
             ... on level 2 of the Dungeon.
             The game lasted 00:01:41 (470 turns).

ReteAZ the Firebug (Human Fire Elementalist)         Turns: 470, Time: 00:01:41

Health: 0/19       AC:  2    Str:  8    XL:     2   Next: 0%
Magic:  5/5        EV: 12    Int: 15    God:
Gold:   9          SH:  0    Dex: 13    Spells: 4/5 levels left

rFire    . . .     SeeInvis .   (no weapon)
rCold    . . .     Gourm    .   (no shield)
rNeg     . . .     Faith    .   a - +0 robe
rPois    .         Spirit   .   (no helmet)
rElec    .         Reflect  .   (no cloak)
rCorr    .         Harm     .   (no gloves)
MR       .....                  (no boots)
Stlth    ++........             (no amulet)
HPRegen  0.06/turn              (no ring)
MPRegen  0.09/turn              (no ring)

@: no status effects
A: no striking features
a: no special abilities


You were on level 2 of the Dungeon.
You were not hungry.

You visited 1 branch of the dungeon, and saw 2 of its levels.

You collected 9 gold pieces.

Inventory:

Armour
 a - a +0 robe (worn)
Comestibles
 c - 3 rations
 d - 3 chunks of flesh


   Skills:
 - Level 2.0 Dodging
 - Level 2.0 Stealth
 + Level 2.1 Spellcasting
 + Level 1.2 Conjurations
 * Level 3.2 Fire Magic


You had 4 spell levels left.
You knew the following spells:

 Your Spells              Type           Power        Failure   Level  Hunger
a - Foxfire               Conj/Fire      #...         9%          1    #......

Your spell library contained the following spells:

 Spells                   Type           Power        Failure   Level  Hunger
 Conjure Flame            Conj/Fire      #.......     26%         3    ###....
 Inner Flame              Hex/Fire       #.......     34%         3    ###....
 Sticky Flame             Conj/Fire      #.......     65%         4    #####..
 Fireball                 Conj/Fire      #.........   94%         5    ######.


Dungeon Overview and Level Annotations

Branches:
Dungeon (1/15)

Altars:

Annotations:
D:2 Robin


Message History

The goblin hits you. The hobgoblin hits you.
The goblin hits you but does no damage. x2; The hobgoblin barely misses you.
The goblin barely misses you. The goblin hits you.
* * * LOW HITPOINT WARNING * * *
As you read the scroll labeled YMAOMI NASKOYG, it crumbles to dust.
You assume a fearsome visage.
Robin looks frightened!
The goblin looks frightened! x5; The hobgoblin looks frightened!
The goblin looks frightened! x2; The hobgoblin looks frightened! x2
The goblin looks frightened!
The hobgoblin looks frightened!
The dart slug looks frightened!
The adder looks frightened!
It was a scroll of fear.
Cornered, the goblin turns to fight!
Cornered, Robin turns to fight!
The worker ant zombie barely misses you.
The hobgoblin howls in fear.
You hit the worker ant zombie but do no damage.
The worker ant zombie waves its antennae.
The worker ant zombie bites you.
* * * LOW HITPOINT WARNING * * *
Robin throws the goblin at you!
You die...

*,,,,,,,..,,*,,,,,,,*,**
***#..,*#g*,,,,,,,,,,,,*
#.w,##g##*********,,*
***##...#ggg## *,,***
*,,.....w....### *,,,,,
*******,***......$.g.#
**,***
,,,,,,,,,,,,,.g##...g#
***,***
*******,*****,#.#.#..#
*,,,,,* *,**,,,,*#@g#gg#
*,***,* *,**,****##Z#!g#
*,* *,* *,**,* *,,.Z...#
*,***,* *,**,***,.....g#**
*,,,,,*
*,**,**,.......g.*****,****
*,**,**...........,,,,,*
***
*,,>,,........##.#******
,,* ****,......##S#*.# *,*
**********,**,*


You could see Robin, an adder (fleeing), a dart slug (fleeing), a quokka zombie,
a worker ant zombie, a hobgoblin (fleeing) and 4 goblins.

Vanquished Creatures
  2 hobgoblins (D:1)
  A bat (D:1)
  A frilled lizard (D:1)
  3 rats (D:1)
7 creatures vanquished.

Vanquished Creatures (others)
  22 foxfires (D:1)
22 creatures vanquished.

Grand Total: 29 creatures vanquished

Notes
Turn   | Place    | Note
-------+----------+-------------------------------------------
     0 | D:1      | ReteAZ the Human Fire Elementalist began the quest for the
                  | Orb.
     0 | D:1      | Reached XP level 1. HP: 13/13 MP: 3/3
   276 | D:1      | Reached XP level 2. HP: 8/19 MP: 1/5
   463 | D:1      | You fall into a shaft and drop 1 floor!
   464 | D:2      | Noticed Robin
   470 | D:2      | Hit by a goblin thrown by Robin

Levels and vault maps discovered:
D:1:      saegor_arrival_simple_c, layout_basic, serial_bayou_lagoon_a,
          minmay_liquid_box, st_stairs_8
D:2:      layout_loops_ring, serial_undead, serial_undead_e, serial_undead_a,
          serial_undead_f, serial_undead_f, serial_undead_e, uniq_natasha,
          uniq_robin

Action                   || total
-------------------------++-------
Melee: Unarmed           ||    12
 Cast: Foxfire           ||    11
  Use: Scroll            ||     3
 Stab: Sleeping          ||     1
Armor: Robe              ||     6
Dodge: Dodged            ||    18

Table legend:
 A = Non-vault XP
 B = Vault XP
 C = Vault XP percentage of total XP
 D = Non-vault monster count
 E = Vault monster count
 F = Vault count percentage of total count
                 A         B        C        D         E       F
            +---------+---------+-------+---------+---------+-------
      Total |       8 |       1 |  11.1 |       6 |       1 |  14.3
            +---------+---------+-------+---------+---------+-------
        D:1 |       8 |       1 |  11.1 |       6 |       1 |  14.3
            +---------+---------+-------+---------+---------+-------
